 Dungeon Crawl Stone Soup version 0.26-a0-958-gf3041fb45f (webtiles) character file.

Game seed: 2815963050684487052

2 schets the Magician (level 1, 13/13 HPs)
             Began as a Gnoll Wanderer on Nov 30, 2020.
             Quit the game on level 1 of the Dungeon.
             The game lasted 00:00:34 (265 turns).

schets the Magician (Gnoll Wanderer)                 Turns: 265, Time: 00:00:34

Health: 13/13      AC:  2    Str: 16    XL:     1   Next: 40%
Magic:  8/8        EV: 11    Int: 14    God:
Gold:   0          SH:  0    Dex: 12    Spells: 13/14 levels left

rFire    . . .     SeeInvis .   a - +0 dagger
rCold    . . .     Faith    .   (no shield)
rNeg     . . .     Spirit   .   d - +0 robe
rPois    .         Reflect  .   (no helmet)
rElec    .         Harm     .   (no cloak)
rCorr    .         Rampage  .   (no gloves)
MR       .....                  (no boots)
Stlth    +.........             (no amulet)
HPRegen  0.04/turn              (no ring)
MPRegen  0.11/turn              (no ring)

@: no status effects
A: distributed training, fangs 1, strong nose
a: no special abilities


You were on level 1 of the Dungeon.
You visited 1 branch of the dungeon, and saw 1 of its levels.

Inventory:

Hand Weapons
 a - a +0 dagger (weapon)
Missiles
 b - 8 poisoned darts (quivered)
Armour
 d - a +0 robe (worn)
Scrolls
 c - a scroll of remove curse {unknown}
 e - a scroll of blinking {unknown}


   Skills:
 + Level 0.0 Fighting
 + Level 0.0 Short Blades
 + Level 0.0 Long Blades
 + Level 0.0 Axes
 + Level 0.0 Maces & Flails
 + Level 0.0 Polearms
 + Level 0.0 Staves
 + Level 0.0 Slings
 + Level 0.0 Bows
 + Level 0.0 Crossbows
 + Level 2.3 Throwing
 + Level 0.0 Armour
 + Level 0.0 Dodging
 + Level 0.0 Stealth
 + Level 2.3 Shields
 + Level 0.0 Unarmed Combat
 + Level 7.0 Spellcasting
 + Level 0.0 Conjurations
 + Level 0.0 Hexes
 + Level 3.6 Summonings
 + Level 0.0 Necromancy
 + Level 0.0 Translocations
 + Level 0.0 Transmutations
 + Level 3.6 Fire Magic
 + Level 0.0 Ice Magic
 + Level 0.0 Air Magic
 + Level 0.0 Earth Magic
 + Level 1.9 Poison Magic
 + Level 0.1 Invocations
 + Level 0.0 Evocations


You had 13 spell levels left.
You knew the following spells:

 Your Spells              Type           Power        Failure   Level
a - Foxfire               Conj/Fire      ##..         7%          1

Your spell library contained the following spells:

 Spells                   Type           Power        Failure   Level
 Conjure Flame            Conj/Fire      ##......     21%         3
 Inner Flame              Hex/Fire       ##......     21%         3
 Sticky Flame             Conj/Fire      ##......     54%         4
 Fireball                 Conj/Fire      ##........   88%         5


Dungeon Overview and Level Annotations

Branches:
Dungeon (1/15)

Altars:


Innate Abilities, Weirdness & Mutations

Your experience applies equally to all skills.
You have very sharp teeth.
Your uncanny sense of smell can sniff out nearby items.


Message History

The giant cockroach bites you.
You hit the giant cockroach.
The giant cockroach is almost dead.
The giant cockroach misses you.
Your magical contamination has completely faded away.
You hit the giant cockroach.
You kill the giant cockroach!
You see here a giant cockroach corpse.
You start resting.
Magic restored.
You start resting.
HP restored.
You open the door.
There is an open door here.
There is an open door here.
Found a stone staircase leading down.
A hobgoblin comes into view.
The hobgoblin shouts!
There is a stone staircase leading down here.
Are you sure you want to abandon this character and quit the game? (Confirm with "yes".)

#.# #.# #####.#
#.....#
#.....########
#............#
..........####.#
#.........# #.#
#.....#.#.# #@#
#.#####.#.# #.#
#. #.#.# #.g
....# ###. ...##
.# ∆ . .# .


You could see a hobgoblin.

Vanquished Creatures
  2 giant cockroaches (D:1)
2 creatures vanquished.

Vanquished Creatures (others)
  2 foxfires (D:1)
2 creatures vanquished.

Grand Total: 4 creatures vanquished

Notes
Turn   | Place    | Note
-------+----------+-------------------------------------------
     0 | D:1      | schets the Gnoll Wanderer began the quest for the Orb.
     0 | D:1      | schets set off with the following items: a +0 dagger, 8
                  | poisoned darts, a +0 robe; and the following spell
                  | memorised: Foxfire; and the following spells available to
                  | memorise: Conjure Flame, Inner Flame, Sticky Flame,
                  | Fireball
     0 | D:1      | Reached XP level 1. HP: 13/13 MP: 8/8
   265 | D:1      | Quit the game

Illustrated notes

Levels and vault maps discovered:
D:1:      minmay_arrival_plants_in_alcoves, layout_loops_corners

Action                   || total
-------------------------++-------
Melee: Dagger            ||     9
       Bite              ||     1
 Cast: Foxfire           ||     2
Armor: Robe              ||     1
Dodge: Dodged            ||     4

Table legend: (Time is in decaauts)
 A = Elapsed time spent in this place.
 B = Non-inter-level travel time spent in this place.
 C = Inter-level travel time spent in this place.
 D = Time resting spent in this place.
 E = Time spent auto-exploring this place.
 F = Levels seen in this place.
 G = Mean time per level.
                   A        B        C        D        E       F      G
               +--------+--------+--------+--------+--------+-----+--------+
         Total |    265 |    265 |      0 |     42 |    170 |   1 |  265.0 |
       Dungeon |    265 |    265 |      0 |     42 |    170 |   1 |  265.0 |
               +--------+--------+--------+--------+--------+-----+--------+

Top non-repeatable levels by time:
     D:1: 265 daAuts
